 Dungeon Crawl Stone Soup version 0.29-a0-321-gf1c400731a (webtiles) character file.

Game seed: 2374766220489734750

9955 Murumi the Fighter (level 11, -8/84 HPs)
             Began as a Djinni Hunter on Apr 3, 2022.
             Was an Elder of Okawaru.
             Mangled by a naga
             ... wielding a +0 war axe
              (18 damage)
             ... on level 2 of the Lair of Beasts.
             The game lasted 00:40:59 (11394 turns).

Murumi the Fighter (Djinni Hunter)                 Turns: 11394, Time: 00:41:00

Health: -8/84      AC: 11    Str: 10    XL:     11   Next: 84%
Gold:   623        EV: 14    Int: 23    God:    Okawaru [****..] SH:  0 Dex: 21

rFire   + + +      SeeInvis .   a - +5 great sword of Rafiso {elec, rC+ Int+8}
rCold   + + .      Faith    .   (shield currently unavailable)
rNeg    . . .      Spirit   .   j - +1 ring mail of Infinity {rElec rPois rF+ Int+4}
rPois   ∞          Reflect  .   x - +0 helmet
rElec   +          Harm     .   (no cloak)
rCorr   .          Rampage  .   n - +0 pair of gloves
Will    +....                   (boots unavailable)
Stlth   +++++.....              (no amulet)
HPRegen 0.24/turn               b - ring of protection from cold
MPRegen 0.00/turn               g - ring of protection from cold

@: heroic, flying, constricted
A: sickness immunity, fire resistance 2, cold vulnerability 1, float, innate
caster, HP casting, extra vitality 1
a: Renounce Religion, Heroism, Finesse


You were on level 2 of the Lair of Beasts.
You worshipped Okawaru.
Okawaru was greatly pleased with you.
You visited 3 branches of the dungeon, and saw 11 of its levels.
You also visited: Ossuary.

You collected 821 gold pieces.
You spent 198 gold pieces at shops.

Inventory:

Hand Weapons
 a - the +5 great sword of Rafiso (weapon) {elec, rC+ Int+8}
   (You acquired it on level 8 of the Dungeon)

   It occasionally discharges a powerful burst of electricity upon striking a
   foe.
   Int:       It affects your intelligence (+8).
   rC:        It protects you from cold.
 f - a +2 hand crossbow of venom
 B - a +0 great sword
Armour
 j - the +1 ring mail of Infinity (worn) {rElec rPois rF+ Int+4}
   (You found it on level 5 of the Dungeon)

   Int:       It affects your intelligence (+4).
   rF:        It protects you from fire.
   rElec:     It insulates you from electricity.
   rPois:     It protects you from poison.
 l - a +0 scale mail
 n - a +0 pair of gloves (worn)
 x - a +0 helmet (worn)
Jewellery
 b - a ring of protection from cold (left hand)
 g - a ring of protection from cold (right hand)
 k - a ring of positive energy
 t - a ring of resist corrosion
 z - a ring of protection from fire
 D - a +4 ring of evasion
Wands
 p - a wand of paralysis (4)
 v - a wand of mindburst (25)
 y - a wand of flame (23)
 C - a wand of iceblast (8)
Scrolls
 c - 2 scrolls of immolation
 d - 3 scrolls of silence
 e - 2 scrolls of fog
 r - 3 scrolls of teleportation
 u - a scroll of fear
 w - 2 scrolls of identify
 A - 3 scrolls of enchant armour
Potions
 h - 3 potions of might
 i - 4 potions of curing
 m - a potion of mutation
 o - 2 potions of cancellation
 q - a potion of haste
 s - 6 potions of heal wounds


   Skills:
 - Level 9.0(14.0) Fighting
 - Level 4.0(9.0) Long Blades
 - Level 7.0(12.0) Crossbows
 - Level 5.0(10.0) Armour
 + Level 5.8(10.8) Dodging
 - Level 8.0(13.0) Stealth
 - Level 2.0 Spellcasting
 - Level 4.0 Invocations
 - Level 4.0 Evocations


You had one spell level left.
You knew the following spells:

 Your Spells              Type           Power      Damage    Failure   Level
a - Shock                 Conj/Air       44%        1d5       12%         1
b - Poisonous Vapours     Pois/Air       22%        N/A       19%         2
c - Lesser Beckoning      Tloc           11%        N/A       34%         3
d - Spider Form           Tmut/Pois      11%        N/A       34%         3
e - Hailstorm             Conj/Ice       11%        3d5       75%         4
Your spell library was empty.

Dungeon Overview and Level Annotations

Branches:
Dungeon (8/15)             Temple (1/1) D:6            Lair (2/6) D:8
  Snake (0/4) Lair:2      Ossuary (visited)
  Swamp: Lair:2-4    Shoals: Lair:2-4

Altars:
Ashenzari
Cheibriados
Dithmenos
Elyvilon
Fedhas
Gozag
Hepliaklqana
Kikubaaqudgha
Makhleb
Nemelex Xobeh
Okawaru
Qazlal
Sif Muna
Trog
Vehumet
Wu Jian
Xom
Yredelemnul
Zin
The Shining One

Shops:
D:1 *


Innate Abilities, Weirdness & Mutations

You are immune to sickness and miasma.
You are immune to poison.
Your flesh is very heat resistant. (rF++)
You are vulnerable to cold. (rC-)
You float through the air rather than walking.
You learn spells naturally, not from books.
Your magical power is your life essence.
You have superior vitality. (+4 MHP)


Message History

The bolt hits the naga.
The naga is poisoned.
The naga is moderately wounded.
You shoot a bolt. The bolt barely misses the naga.
You shoot a bolt. The bolt hits the naga.
The naga is heavily wounded.
The naga spits poison at you. The splash of poison misses you.
You shoot a bolt. The bolt barely misses the naga.
Your +2 hand crossbow of venom stops dripping with poison.
You feel clever.
You hear the crackle of electricity.
a - the +5 great sword of Rafiso (weapon)
{elec, rC+ Int+8} You closely miss the naga.
The naga is heavily wounded.
The naga hits you with a +0 war axe. The naga grabs you.
The naga constricts you. The naga hits you with a +0 war axe!
The naga constricts you.
You closely miss the naga.
The naga is moderately wounded.
The naga hits you with a +0 war axe. The naga constricts you.
You hit the naga but do no damage.
The naga is moderately wounded.
The naga hits you with a +0 war axe. The naga constricts you.
The naga hits you with a +0 war axe! The naga constricts you.
You are too injured to fight recklessly!
You closely miss the naga.
The naga is moderately wounded.
The naga hits you with a +0 war axe!!
* * * LOW HITPOINT WARNING * * *
The naga constricts you.
* * * LOW HITPOINT WARNING * * *
You gain the combat prowess of a mighty hero.
The naga barely misses you. The naga constricts you.
* * * LOW HITPOINT WARNING * * *
You hit the naga.
The naga is heavily wounded.
The naga hits you with a +0 war axe!!
You die...

......... #.....#.... .......##
#.(#....... ......###..#.......
#..##............
##....#....#..>..
#..####.......... ####.#
##.......... #.##)# #.......#.##
.###N@..###......÷###
#.....≈..P.#.......#
....≈≈≈≈≈...........####
...≈≈≈≈≈≈≈..........##..
.≈≈≈≈.≈≈≈≈≈.............
.≈≈≈.....≈≈≈#.........≈.
)≈≈.....≈.≈≈≈#.....<≈≈≈≈ #
##.....≈≈...>...≈≈P#......≈≈≈≈
.##..#...?≈≈≈≈.....≈≈##......≈≈≈≈


You could see a naga (poisoned).

Vanquished Creatures
  A fire dragon (D:8)
  An ugly thing (D:7)
  2 black mambas (Lair:1)
  2 cane toads
  2 rime drakes (Lair:1)
  3 komodo dragons
  A hornet (D:5)
  3 blink frogs (Lair:2)
  Sigmund (D:5)
  8 yaks (Lair:1)
  A wraith (D:8)
  2 wyverns
  A steam dragon (D:6)
  2 vampire mosquitoes (D:8)
  A naga (Lair:2)
  5 water moccasins
  2 ice beasts
  A sky beast (D:6)
  A black bear (Lair:1)
  An ogre (D:5)
  A centaur (D:7)
  2 kobold brigands (D:8)
  8 bullfrogs
  4 scorpions
  2 gnoll sergeants (D:7)
  8 wights (D:8)
  2 howler monkeys
  4 hounds
  An orc priest (D:6)
  A jelly (D:7)
  Jessica (D:3)
  2 gnoll shamans
  2 iguanas (D:5)
  4 orc wizards
  7 hell rats (Lair:2)
  2 mummies (Ossuary)
  13 gnolls
  7 adders
  2 shadow imps (D:8)
  A white imp (D:5)
  An ufetubus (D:6)
  A worm (D:2)
  2 dart slugs
  17 orcs
  6 ball pythons
  4 endoplasms
  3 giant cockroaches
  2 gnoll zombies (Ossuary)
  7 hobgoblins
  2 quokkas
  3 bats
  5 frilled lizards
  6 goblins
  5 goblin zombies
  4 hobgoblin zombies (Ossuary)
  12 kobolds
  5 orc zombies (Ossuary)
  20 rats
220 creatures vanquished.

Vanquished Creatures (collateral kills)
  2 gnolls (D:7)
  A shadow imp (D:8)
  2 orcs
  A goblin (D:1)
  2 kobolds (D:8)
8 creatures vanquished.

Vanquished Creatures (others)
  A hound (D:6)
  A gnoll (D:5)
  An orc (D:5)
  9 fungi
  34 plants
46 creatures vanquished.

Grand Total: 274 creatures vanquished

Notes
Turn   | Place    | Note
-------+----------+-------------------------------------------
     0 | D:1      | Murumi the Djinni Hunter began the quest for the Orb.
     0 | D:1      | Reached XP level 1. HP: 18/18 MP: 0/0
    68 | D:1      | Found Momouq's Assorted Antiques.
   124 | D:1      | Reached skill level 1 in Stealth
   280 | D:1      | Reached XP level 2. HP: 17/23 MP: 0/0
  1031 | D:1      | Bought a scroll labelled TAUKHEFFUTEGH for 33 gold pieces
  1056 | D:2      | Reached XP level 3. HP: 19/28 MP: 0/0
  1056 | D:2      | Learned a level 1 spell: Shock
  1606 | D:2      | Reached XP level 4. HP: 28/33 MP: 0/0
  1868 | D:3      | Reached skill level 1 in Armour
  1958 | D:3      | Noticed Jessica
  1966 | D:3      | Killed Jessica
  2107 | D:3      | Reached XP level 5. HP: 39/39 MP: 0/0
  2107 | D:3      | Learned a level 2 spell: Poisonous Vapours
  2349 | D:3      | Identified the +8 chain mail of Dishonour {Str+4}
  2609 | D:3      | Reached skill level 3 in Fighting
  3047 | D:4      | Reached skill level 1 in Long Blades
  3152 | D:4      | Found a blossoming altar of Fedhas.
  3455 | D:5      | Entered Level 5 of the Dungeon
  3525 | D:5      | Reached skill level 1 in Spellcasting
  3644 | D:1      | Bought a sapphire ring for 165 gold pieces
  3713 | D:5      | Noticed a hornet
  3721 | D:5      | Killed a hornet
  3722 | D:5      | Reached skill level 4 in Fighting
  3722 | D:5      | Reached XP level 6. HP: 12/47 MP: 0/0
  3722 | D:5      | Reached XP level 7. HP: 13/52 MP: 0/0
  3722 | D:5      | Learned a level 3 spell: Lesser Beckoning
  4269 | D:5      | Identified the +1 ring mail of Infinity {rElec rPois rF+
                  | Int+4}
  4343 | D:5      | Noticed Sigmund
  4360 | D:5      | Killed Sigmund
  4361 | D:5      | Reached skill level 5 in Fighting
  4361 | D:5      | Reached XP level 8. HP: 33/59 MP: 0/0
  4598 | D:5      | Reached skill level 5 in Stealth
  5133 | D:6      | Reached skill level 6 in Fighting
  5189 | D:6      | Found a staircase to the Ecumenical Temple.
  5210 | Temple   | Entered the Ecumenical Temple
  5322 | Temple   | Became a worshipper of Warmaster Okawaru
  5492 | D:6      | Reached skill level 1 in Invocations
  5495 | D:6      | Reached skill level 1 in Evocations
  5551 | D:6      | Reached XP level 9. HP: 66/66 MP: 0/0
  5551 | D:6      | Learned a level 3 spell: Spider Form
  6049 | D:7      | Found a basalt altar of Yredelemnul.
  6177 | D:7      | Found a bloodstained altar of Trog.
  6183 | D:7      | Found a glowing golden altar of the Shining One.
  6518 | D:7      | Reached * piety under Okawaru
  6526 | D:7      | Reached skill level 7 in Fighting
  6813 | D:7      | Found a hazy altar of Hepliaklqana.
  6814 | D:7      | Found a shadowy altar of Dithmenos.
  6885 | D:7      | Noticed a white ugly thing
  6912 | D:7      | Killed a white ugly thing
  6913 | D:7      | Reached skill level 5 in Crossbows
  7099 | D:7      | Noticed a komodo dragon
  7116 | D:7      | Killed a komodo dragon
  7116 | D:7      | Reached ** piety under Okawaru
  7117 | D:7      | Reached XP level 10. HP: 69/75 MP: 0/0
  7630 | D:8      | Identified a scroll of acquirement
  7630 | D:8      | Acquired the +5 great sword of Rafiso {elec, rC+ Int+8}
  7670 | D:8      | Found a staircase to the Lair.
  7670 | D:8      | Noticed a fire dragon
  7692 | D:8      | Found a sand-covered staircase.
  7699 | Ossuary  | Entered an ossuary
  7872 | D:8      | Found an ornate altar of the Wu Jian Council.
  8023 | D:8      | Reached skill level 8 in Fighting
  8304 | D:8      | Identified the +0 leather armour "Emyeshit" {+Inv rElec
                  | Will+ rCorr}
  8862 | D:8      | Killed a fire dragon
  8862 | D:8      | Reached *** piety under Okawaru
  9026 | Lair:1   | Entered Level 1 of the Lair of Beasts
  9136 | Lair:1   | Noticed a black mamba
  9145 | Lair:1   | Killed a black mamba
  9146 | Lair:1   | Reached skill level 5 in Dodging
  9319 | Lair:1   | Noticed a cane toad
  9325 | Lair:1   | Killed a cane toad
  9548 | Lair:1   | Noticed a rime drake
  9560 | Lair:1   | Killed a rime drake
  9561 | Lair:1   | Reached XP level 11. HP: 76/81 MP: 0/0
  9561 | Lair:1   | Learned a level 4 spell: Hailstorm
  9646 | Lair:1   | Reached skill level 9 in Fighting
  9840 | Lair:1   | Reached **** piety under Okawaru
 10012 | Lair:1   | Received a gift from Okawaru
 10595 | Lair:2   | Received a gift from Okawaru
 11092 | Lair:2   | Reached skill level 5 in Armour
 11380 | Lair:2   | Found a staircase to the Snake Pit.
 11394 | Lair:2   | Mangled by a naga

Illustrated notes

Levels and vault maps discovered:
D:1:      spicycebolla_arrival_xxxplode, layout_loops_ring, serial_shops,
          nicolae_shop_statue_plus
D:2:      layout_basic, minmay_rat_hole
D:3:      layout_basic, st_stairs_14, minmay_misc_feat_room, uniq_jessica
D:4:      layout_loops_ring, fedhas_altar_fruit_tree,
          mainiacjoe_overflow_brackets
D:5:      layout_loops_corners, uniq_sigmund
D:6:      layout_rooms, minmay_temple_entry_fiery
D:7:      layout_gridville, riverfiend_overflow_shadow_ancestor,
          nicolae_overflow_hidden_temple, mainiacjoe_overflow_catwalk_spiral,
          minmay_statues_item, minmay_three_doors
D:8:      layout_basic, lemuel_coloured_pillars_altar, minmay_lair_entry_lava,
          enter_ossuary_4
Temple:   minmay_temple_bridge_abc
Lair:1:   layout_roguey, serial_bayou_pond_c, lemuel_fruit_fields
Lair:2:   layout_chaotic_city, guppyfry_snake_entry_island, st_stairs_6,
          grunt_megastairs_3, infiniplex_staircase_pool_2, uniq_fannar

Skill      XL: |  1  2  3  4  5  6  7  8  9 10 11 |
---------------+----------------------------------+-----
Stealth        | 1 2 3 4 5 6 7 8 |  8.0
Crossbows      | 4 5 6 7 |  7.0
Dodging        | 3 4 5 |  5.8
Armour         | 1 2 3 4 5 |  5.0
Fighting       | 4 5 6 7 8 9 |  9.0
Long Blades    | 1 2 3 4 |  4.0
Spellcasting   | 1 2 |  2.0
Invocations    | 2 3 4 |  4.0
Evocations     | 2 3 4 |  4.0

Action                   |  1- 3 |  4- 6 |  7- 9 | 10-12 || total
-------------------------+-------+-------+-------+-------++-------
Melee: Dagger            |    54 |    12 |       |       ||    66
       Short sword       |    10 |       |       |       ||    10
       Long sword        |       |     9 |    74 |    17 ||   100
       Falchion          |       |     1 |       |       ||     1
       Great sword       |       |       |       |   147 ||   147
 Fire: Hand crossbow     |    55 |    87 |   159 |   186 ||   487
Throw: Throwing net      |       |       |     1 |       ||     1
Invok: Heroism           |       |       |     1 |     5 ||     6
       Finesse           |       |       |       |     1 ||     1
  Use: Scroll            |     8 |     4 |     9 |     4 ||    25
       Potion            |       |       |     1 |       ||     1
 Stab: Sleeping          |       |     1 |       |     1 ||     2
Armor: Leather armour    |    16 |     5 |     1 |       ||    22
       Ring mail         |       |       |    28 |    50 ||    78
Dodge: Dodged            |    37 |    19 |    72 |   180 ||   308

Table legend: (Time is in decaauts)
 A = Elapsed time spent in this place.
 B = Non-inter-level travel time spent in this place.
 C = Inter-level travel time spent in this place.
 D = Time resting spent in this place.
 E = Time spent auto-exploring this place.
 F = Levels seen in this place.
 G = Mean time per level.
                   A        B        C        D        E       F      G
               +--------+--------+--------+--------+--------+-----+--------+
         Total |  11589 |  10501 |   1088 |    337 |   8177 |  12 |  965.8 |
       Dungeon |   8907 |   7955 |    952 |    232 |   6203 |   8 | 1113.4 |
        Temple |    133 |    108 |     25 |      0 |     99 |   1 |  133.0 |
          Lair |   2410 |   2300 |    110 |    105 |   1814 |   2 | 1205.0 |
       Ossuary |    137 |    137 |      0 |      0 |     61 |   1 |  137.0 |
               +--------+--------+--------+--------+--------+-----+--------+

Top non-repeatable levels by time:
  Lair:1: 1734 daAuts
     D:5: 1455 daAuts
     D:8: 1363 daAuts
     D:7: 1357 daAuts
     D:6: 1025 daAuts
     D:1: 1004 daAuts
     D:3: 953 daAuts
     D:2: 944 daAuts
     D:4: 803 daAuts
  Lair:2: 675 daAuts
 Ossuary: 137 daAuts
  Temple: 133 daAuts
